 Dungeon Crawl Stone Soup version 0.20-a0-1109-ge3cd172 (webtiles) character file.

36319 FastMan the Severer (level 13, -6/125 HPs)
             Began as a Minotaur Berserker on May 5, 2017.
             Was a High Priest of Trog.
             Drowned by a drowned soul (13 damage)
             ... summoned by a merfolk avatar
             ... on level 6 of the Lair of Beasts.
             The game lasted 00:12:09 (12525 turns).

FastMan the Severer (Minotaur Berserker)           Turns: 12525, Time: 00:12:10

Health: -6/125     AC: 21    Str: 27    XL:     13   Next: 52%
Magic:  0/21       EV:  8    Int:  4    God:    Trog [*****.]
Gold:   808        SH:  0    Dex: 10    Spells: 12/12 levels left

rFire    . . .     SeeInvis .   u - +3 hand axe (vamp)
rCold    . . .     Gourm    .   (no shield)
rNeg     . . .     Faith    .   t - +0 plate armour
rPois    .         Spirit   +   (helmet restricted)
rElec    .         Reflect  .   d - scarf {Spirit}
rCorr    .         Harm     .   m - +1 pair of gloves
MR       +....                  h - +2 pair of boots
Stlth    ..........             b - amulet of regeneration
Regen    0.7/turn               l - ring of protection from magic
MPRegen  0.2/turn               s - ring "Suqus" {MP+9 Stlth-}

@: lethally poisoned (-6 -> -6), mesmerised, very slightly contaminated, hasted
and slowed, invisible, very slow
A: retaliatory headbutt, horns 2
a: Berserk, Trog's Hand, Brothers in Arms, Burn Spellbooks, Renounce Religion


You were on level 6 of the Lair of Beasts.
You worshipped Trog.
Trog was extremely pleased with you.
You were very hungry.

You visited 2 branches of the dungeon, and saw 17 of its levels.

You collected 928 gold pieces.
You spent 120 gold pieces at shops.

Inventory:

Hand Weapons
 a - a +0 hand axe
 k - a +1 hand axe of chopping
 u - a +3 vampiric hand axe (weapon)
 C - a +0 war axe
Armour
 d - a scarf of spirit shield (worn)
 h - a +2 pair of boots (worn)
 m - a +1 pair of gloves (worn)
 t - a +0 plate armour (worn)
Jewellery
 b - an amulet of regeneration (around neck)
 l - a ring of protection from magic (left hand)
 s - the ring "Suqus" (right hand) {MP+9 Stlth-}
   (You bought it in a shop on level 6 of the Dungeon)

   [ring of loudness]

   It affects your magic capacity (+9).
   It makes you less stealthy.
 G - an uncursed ring of protection from fire
 L - an uncursed amulet of magic regeneration {unknown}
Scrolls
 v - a scroll of blinking {@r4}
 w - 7 scrolls of identify {@r1}
 x - 2 scrolls of teleportation {@r3}
 y - 3 scrolls of remove curse {@r2}
 F - a scroll of magic mapping
 H - 2 scrolls of enchant armour
 I - a scroll of fog
 J - a scroll of fear {unknown}
Potions
 e - a potion of haste {@q3}
 f - 2 potions of invisibility
 j - 2 potions of ambrosia
 n - 2 potions of curing {@q1}
 o - 2 potions of berserk rage
 p - 2 potions of heal wounds {@q2}
 q - a potion of magic
 r - 2 potions of mutation
 z - 2 potions of brilliance {@q6}
 A - 2 potions of flight
 B - a potion of degeneration {unknown}
 E - 2 potions of resistance
Comestibles
 c - 3 bread rations {@e1}
 g - 15 fruits {@e4}
 i - 14 royal jellies {@e3}
 D - 7 meat rations {@e2}
 K - 20 chunks of flesh


   Skills:
 + Level 14.3 Fighting
 * Level 19.2 Axes
 + Level 12.4 Armour
 - Level 2.1 Dodging


You had 12 spell levels left.
You didn't know any spells.

Dungeon Overview and Level Annotations

Branches:
Dungeon (11/15)            Temple (0/1) D:7            Lair (6/6) D:11
  Swamp (0/4) Lair:4       Spider (0/4) Lair:4
  Slime: Lair:5-6       Orc: D:9-12

Altars:
Cheibriados
Elyvilon
Gozag
Okawaru
Qazlal
Ru
Wu Jian
Yredelemnul

Shops:
D:6 (*

Portals:
Volcano: Lair:1

Annotations:
Lair:6 exclusion: oklob plant


Innate Abilities, Weirdness & Mutations

You reflexively headbutt those who attack you in melee.
You have a pair of horns on your head.


Message History

The merfolk avatar chants its luring song.
Your ogre rages.
The drowned soul touches you. The drowned soul drowns you!
* * * LOW HITPOINT WARNING * * *
Unknown command.
Unknown command.
You feel sick.
The merfolk avatar chants its luring song.
Your ogre rages.
The merfolk avatar chants its luring song.
The elephant tramples you!
* * * LOW HITPOINT WARNING * * *
You stumble backwards!
Splash!
The pull of its song draws you forwards.
Your ogre rages.
Your ogre closely misses the merfolk avatar.
The merfolk avatar chants its luring song.
The drowned soul touches you. The drowned soul drowns you!
You die...

≈≈≈≈≈P≈.....P ≈P≈#≈
≈≈≈≈≈≈≈...... ##
#....########≈##≈†....
#.≈ ≈≈≈≈≈P8#8≈≈#≈#.≈†....
#≈≈≈≈≈≈≈≈≈≈#≈≈≈≈≈≈≈......
#≈≈≈##≈#≈≈≈#≈≈≈#≈≈≈≈.....
#≈≈≈≈≈≈≈≈≈≈#≈≈≈#≈##.....÷
.≈#≈)[}?≈mO≈≈≈≈.≈##≈....÷
.≈≈≈"≈≈}@≈≈≈≈8≈≈≈P≈......
≈#≈(W≈$YP≈≈≈≈≈≈†≈≈......
.≈≈≈?())≈≈≈≈≈P≈#P#.≈.....
#≈≈≈≈≈≈≈≈≈≈#≈≈≈#≈##≈.....
#≈≈≈≈≈≈≈≈≈≈#≈≈≈#≈≈≈≈.....
#≈≈≈≈≈≈≈P≈P#≈≈≈≈≈≈≈≈.....
#≈≈≈≈≈≈≈≈≈8#8≈≈#≈#.≈.....
################≈.#≈.....
≈≈≈≈≈≈≈≈P≈.....


You could see a merfolk avatar, an elephant, a drowned soul and a friendly ogre
(berserk).

Vanquished Creatures
  4 hydras
  A two-headed ogre (D:8)
  A sea snake (Lair:6)
  3 unseen horrors (D:11)
  An ugly thing (D:11)
  8 elephants (Lair:5)
  A cyclops (D:11)
  4 black mambas
  9 spiny frogs
  2 torpor snails
  5 rime drakes
  A demonic crawler (Lair:4)
  A yaktaur (shapeshifter) (D:11)
  17 komodo dragons
  4 hornets
  3 tyrant leeches (Lair:4)
  6 dream sheep (Lair:5)
  4 blink frogs (Lair:5)
  4 hippogriffs
  3 wyverns
  A wraith (D:11)
  6 basilisks
  26 yaks
  2 soldier ants
  11 water moccasins
  5 porcupines
  3 ice beasts
  2 orc warriors
  2 sky beasts
  A necrophage (D:9)
  3 ogres
  4 wolves (Lair:4)
  8 centaurs
  17 crocodiles
  8 bullfrogs
  A wyvern zombie (D:7)
  3 scorpions
  A water moccasin skeleton (D:10)
  4 killer bees (D:8)
  3 wights (D:9)
  3 howler monkeys (D:9)
  An electric eel (Lair:5)
  A crimson imp (D:8)
  A centaur zombie (D:7)
  A jelly (D:7)
  7 orc priests
  A bullfrog skeleton (D:11)
  3 hounds
  6 iguanas
  10 orc wizards
  9 worker ants
  A howler monkey skeleton (D:10)
  A worker ant zombie (D:11)
  3 gnolls (D:10)
  7 adders
  3 shadow imps
  An ooze (D:2)
  4 worms
  A dart slug (D:1)
  4 leopard geckos
  32 orcs
  A ball python (D:1)
  4 giant cockroaches
  6 hobgoblins
  10 jackals
  A quokka (D:8)
  A bat (D:1)
  2 frilled lizards
  2 goblins
  3 kobolds
  6 rats
  2 fungi (Lair:5)
  3 plants
334 creatures vanquished.

Vanquished Creatures (collateral kills)
  An elephant (Lair:6)
  A wind drake (Lair:6)
  A water moccasin (Lair:6)
3 creatures vanquished.

Vanquished Creatures (others)
  2 fungi (Lair:6)
  13 plants
15 creatures vanquished.

Grand Total: 352 creatures vanquished

Notes
Turn   | Place    | Note
-------+----------+-------------------------------------------
     0 | D:1      | FastMan the Minotaur Berserker began the quest for the Orb.
     0 | D:1      | Reached XP level 1. HP: 19/19 MP: 0/0
   154 | D:1      | Reached skill level 4 in Axes
   217 | D:1      | Reached XP level 2. HP: 27/27 MP: 1/1
   571 | D:2      | Reached XP level 3. HP: 25/33 MP: 2/2
   869 | D:3      | Reached skill level 5 in Axes
  1048 | D:3      | Reached ** piety under Trog
  1062 | D:3      | Reached XP level 4. HP: 32/41 MP: 3/3
  1151 | D:3      | Found an ornate altar of the Wu Jian Council.
  1159 | D:3      | Found a snail-covered altar of Cheibriados.
  1161 | D:3      | Found an iron altar of Okawaru.
  1361 | D:4      | Reached skill level 6 in Axes
  1659 | D:4      | Reached XP level 5. HP: 26/47 MP: 4/4
  2111 | D:5      | Entered Level 5 of the Dungeon
  2143 | D:5      | Noticed an ice beast
  2148 | D:5      | Killed an ice beast
  2148 | D:5      | Reached skill level 5 in Fighting
  2148 | D:5      | Reached skill level 7 in Axes
  2190 | D:5      | Reached XP level 6. HP: 46/56 MP: 5/5
  2460 | D:6      | Found Vojych's Assorted Antiques.
  2464 | D:6      | Bought a sparkling platinum ring for 120 gold pieces
  2471 | D:6      | Found Ugocko's Weapon Emporium.
  2473 | D:6      | Identified the ring "Suqus" {MP+9 Stlth-} (You bought it in a shop on level 6 of the Dungeon)
  2554 | D:6      | Noticed a sky beast
  2559 | D:6      | Killed a sky beast
  2559 | D:6      | Reached skill level 8 in Axes
  2658 | D:6      | Reached XP level 7. HP: 47/63 MP: 6/6
  2975 | D:7      | Found a stormy altar of Qazlal.
  2975 | D:7      | Found a basalt altar of Yredelemnul.
  3036 | D:7      | Found a white marble altar of Elyvilon.
  3068 | D:7      | Reached skill level 9 in Axes
  3086 | D:7      | Found a staircase to the Ecumenical Temple.
  3675 | D:7      | Reached skill level 10 in Axes
  3675 | D:7      | Reached XP level 8. HP: 63/73 MP: 7/7
  3762 | D:8      | Noticed a two-headed ogre
  3773 | D:8      | Killed a two-headed ogre
  3773 | D:8      | Reached skill level 11 in Axes
  4009 | D:8      | Reached XP level 9. HP: 82/82 MP: 8/8
  4285 | D:8      | Found a sacrificial altar of Ru.
  4592 | D:9      | Reached skill level 12 in Axes
  4681 | D:9      | Reached *** piety under Trog
  4792 | D:9      | Paralysed by a hornet for 1 turns
  5338 | D:9      | Reached skill level 5 in Armour
  5372 | D:9      | Reached skill level 13 in Axes
  5810 | D:10     | Entered Level 10 of the Dungeon
  5867 | D:10     | Reached **** piety under Trog
  5976 | D:10     | Reached XP level 10. HP: 91/93 MP: 9/9
  5977 | D:10     | Reached skill level 10 in Fighting
  6858 | D:11     | Reached skill level 14 in Axes
  7185 | D:11     | Killed an unseen horror
  7498 | D:11     | Reached ***** piety under Trog
  7554 | D:11     | Killed an unseen horror
  7630 | D:11     | Noticed a red ugly thing
  7631 | D:11     | Found a staircase to the Lair.
  7647 | D:11     | Killed a red ugly thing
  7647 | D:11     | Reached skill level 15 in Axes
  7727 | D:11     | Killed an unseen horror
  7727 | D:11     | Reached XP level 11. HP: 92/102 MP: 10/10
  8138 | Lair:1   | Entered Level 1 of the Lair of Beasts
  8262 | Lair:1   | Found an opulent altar of Gozag.
  8482 | Lair:1   | Reached skill level 16 in Axes
  8594 | Lair:1   | Found a dark tunnel.
  9115 | Lair:2   | Noticed a six-headed hydra
  9132 | Lair:2   | Killed a 13-headed hydra
  9261 | Lair:2   | You fall through a shaft for 2 floors!
  9264 | Lair:4   | Noticed a four-headed hydra
  9274 | Lair:4   | Killed an eight-headed hydra
  9274 | Lair:4   | Reached skill level 10 in Armour
  9274 | Lair:4   | Reached XP level 12. HP: 113/113 MP: 11/11
  9602 | Lair:4   | Received a gift from Trog
  9605 | Lair:4   | Found a hole to the Spider Nest.
  9720 | Lair:3   | Reached skill level 17 in Axes
  9887 | Lair:3   | Found a labyrinth entrance.
 10837 | Lair:4   | Found a staircase to the Swamp.
 11262 | Lair:5   | Reached skill level 18 in Axes
 11396 | Lair:5   | Noticed a five-headed hydra
 11403 | Lair:5   | Killed a nine-headed hydra
 11641 | Lair:5   | Reached XP level 13. HP: 120/122 MP: 12/12
 12276 | Lair:6   | Entered Level 6 of the Lair of Beasts
 12295 | Lair:6   | Received a gift from Trog
 12426 | Lair:6   | Reached skill level 19 in Axes
 12514 | Lair:6   | HP: 5/124 [elephant (3)]
 12522 | Lair:6   | HP: 5/125 [wind drake/the air (8)]
 12525 | Lair:6   | Drowned by a drowned soul

Vault maps used:
D:1:      erik_arrival_cave_to_civilisation
D:2:      first_bread
D:3:      grunt_temple_overflow_open, minmay_misc_feat_ornament,
          minmay_misc_feat_secret_circle, trog_wizard
D:4:      cheibrodos_gnoll_hut
D:6:      lemuel_coloured_pillars_altar, basic_altar, serial_shops, shop,
          nicolae_shop_crystal, shop, shop_statue
D:7:      kennysheep_mini, gammafunk_temple_overflow_elements, temple_green
D:8:      nicolae_overflow_hidden_temple
D:9:      hangedman_pestilent_swarm
D:11:     lair_entry_dummy
Lair:1:   lightli_volcano_entry_magma_tube, basic_altar, minivault_27
Lair:2:   serial_bayou_shore_b
Lair:3:   beast_lair_carwin_large_2, lab_entry_generic,
          infiniplex_staircase_pool, lemuel_fruit_tree
Lair:4:   minmay_swamp_entry_worms, nicolae_spider_entry_non_spiders,
          kennysheep_basilisk_garden, grunt_megastairs_3
Lair:5:   serial_bayou_shore_a
Lair:6:   gammafunk_lair_ancient_temple, slime_altar_1,
          minmay_lair_oklob_chamber, uniq_kirke

Skill      XL: |  1  2  3  4  5  6  7  8  9 10 11 12 13 |
---------------+----------------------------------------+-----
Axes           | 4 5 6 7 8 10 11 13 15 16 18 19 | 19.2
Fighting       | 4 5 6 7 8 9 11 12 13 14 | 14.3
Armour         | 3 5 8 10 11 12 | 12.4
Dodging        | |  2.1

Action                   |  1- 3 |  4- 6 |  7- 9 | 10-12 | 13-15 || total
-------------------------+-------+-------+-------+-------+-------++-------
Melee: Hand axe          |    69 |    62 |   169 |   654 |   204 ||  1158
       Headbutt          |    10 |    14 |    53 |   185 |    47 ||   309
       War axe           |       |       |    50 |    51 |       ||   101
Invok: Berserk           |     1 |     2 |     5 |    12 |     3 ||    23
       Trog's Hand       |       |     1 |       |     2 |       ||     3
       Burn Spellbooks   |       |       |       |     1 |       ||     1
       Brothers in Arms  |       |       |       |       |     1 ||     1
  Use: Scroll            |       |     6 |       |    18 |       ||    24
       Potion            |       |       |     3 |       |     6 ||     9
 Stab: Sleeping          |     1 |       |       |       |       ||     1
  Eat: Chunk             |     1 |     3 |     8 |    29 |     5 ||    46
       Bread ration      |       |     1 |     2 |     1 |       ||     4
Armor: Animal skin       |    10 |     1 |       |       |       ||    11
       Ring mail         |       |     6 |    74 |    24 |       ||   104
       Plate armour      |       |       |       |   397 |   110 ||   507
Dodge: Dodged            |    39 |    27 |   109 |   212 |    66 ||   453
